 Dungeon Crawl Stone Soup version 0.17.0-23-g0de4337 (webtiles) character file.

152 HaroldButt the Chiller (level 5, 0/35 HPs)
             Began as a Merfolk Ice Elementalist on Nov 13, 2015.
             Slain by a jackal (1 damage)
             ... on level 4 of the Dungeon.
             The game lasted 00:16:21 (2492 turns).

HaroldButt the Chiller (Merfolk Ice Elementalist)   Turns: 2492, Time: 00:16:21

Health: 0/35       AC:  3    Str:  8    XL:     5   Next: 34%
Magic:  3/8        EV: 12    Int: 15    God:
Gold:   149        SH:  0    Dex: 15    Spells: 2 memorised, 5 levels left

rFire  . . .     SeeInvis .     o - -1 trident
rCold  . . .     Clarity  .     e - +0 leather armour
rNeg   . . .     SustAt   .     (no shield)
rPois  .         Gourm    .     (no helmet)
rElec  .         Spirit   .     (no cloak)
rCorr  .         Warding  .     (no gloves)
rMut   .         Rnd*Tele +     (no boots)
MR     .....                    (no amulet)
Stlth  ++........               (no ring)
                                p - ring of teleportation (curse)

@: not resistant to hostile enchantments, unstealthy
A: change form in water, swift swim
a: Evoke Teleportation


You were on level 4 of the Dungeon.
You were very hungry.

You visited 1 branch of the dungeon, and saw 4 of its levels.

You collected 149 gold pieces.

Inventory:

Hand Weapons
 k - a +0 short sword
 o - a -1 trident (weapon)
Missiles
 j - 59 stones (quivered)
Armour
 e - a +0 leather armour (worn)
Jewellery
 p - a cursed ring of teleportation (left hand)
Wands
 g - a wand of cold (13)
Scrolls
 n - 2 scrolls of identify
Books
 b - a book of Frost

   Spells                             Type                      Level
   a - Freeze                         Ice                          1
   b - Throw Frost                    Conjuration/Ice              2
   c - Ozocubu's Armour               Charms/Ice                   3
   d - Throw Icicle                   Conjuration/Ice              4
   e - Summon Ice Beast               Ice/Summoning                4
   f - Condensation Shield            Ice                          4
Comestibles
 c - 4 bread rations
 d - 4 fruits
 l - 2 meat rations
 m - 2 beef jerkies


   Skills:
 - Level 2.6 Dodging
 - Level 2.1 Stealth
 - Level 2.0 Spellcasting
 + Level 2.7 Conjurations
 + Level 5.2 Ice Magic


You had 5 spell levels left.
You knew the following spells:

 Your Spells              Type           Power        Failure   Level  Hunger
a - Freeze                Ice            ###.         4%          1    #......
b - Throw Frost           Conj/Ice       ##....       12%         2    ###....


Dungeon Overview and Level Annotations

Branches:
Dungeon (4/15)
 Temple: D:4-7

Altars:
Nemelex Xobeh
Trog


Message History

The jackal bites you but does no damage. x2
The worker ant bites you but does no damage.
The orc hits you but does no damage.
You closely miss the worker ant.
The jackal bites you but does no damage.
The worker ant barely misses you.
The jackal bites you but does no damage. x2
The orc hits you but does no damage.
The worker ant waves its antennae.
The worker ant bites you but does no damage.
The jackal bites you but does no damage.
The worker ant bites you but does no damage.
The jackal bites you but does no damage.
The orc hits you but does no damage.
The jackal bites you but does no damage.
You fail to use your ability.
You feel less woody.
Your +0 leather armour unmelds from your body.
The jackal bites you.
You die...

###### .....#
.....# .....#
########.....#
.............#
......oha....#
......)@ho..#
......oah...#
...............
......>........
............###
............#
............#
#.########.##


You could see 2 worker ants, an orc wizard, 2 orcs and 3 jackals.

Vanquished Creatures
  An orc wizard (D:4)
  An orc priest (D:4)
  3 adders
  2 giant geckos
  2 orcs (D:4)
  A ball python (D:2)
  10 bats
  3 giant cockroaches (D:2)
  11 goblins
  10 hobgoblins
  A quokka (D:3)
  A ball python skeleton (D:4)
  6 giant newts
  A jackal (D:4)
  3 kobolds
  6 rats
62 creatures vanquished.

Notes
Turn   | Place    | Note
--------------------------------------------------------------
     0 | D:1      | HaroldButt the Merfolk Ice Elementalist began the quest for the Orb.
     0 | D:1      | Reached XP level 1. HP: 13/13 MP: 3/3
   235 | D:1      | Reached XP level 2. HP: 14/19 MP: 0/5
   292 | D:1      | Reached skill level 4 in Ice Magic
   310 | D:1      | Learned a level 2 spell: Throw Frost
   569 | D:1      | Reached skill level 1 in Conjurations
   972 | D:2      | Reached XP level 3. HP: 24/24 MP: 2/6
  1686 | D:2      | Reached XP level 4. HP: 30/30 MP: 7/7
  2170 | D:3      | Found a bloodstained altar of Trog.
  2435 | D:4      | Found a sparkling altar of Nemelex Xobeh.
  2471 | D:4      | Reached skill level 5 in Ice Magic
  2471 | D:4      | Reached XP level 5. HP: 34/35 MP: 0/8
  2480 | D:4      | HP: 2/52 [poisoned by a worker ant]
  2490 | D:4      | HP: 1/52 [orc/flail (3)]
  2492 | D:4      | Slain by a jackal

Action                   |  1- 3 |  4- 6 || total
-------------------------+-------+-------++-------
Melee: Unarmed           |    12 |       ||    12
       Short sword       |    15 |    14 ||    29
       Trident           |       |    36 ||    36
 Cast: Freeze            |    56 |    28 ||    84
       Throw Frost       |     2 |     2 ||     4
  Use: Scroll            |       |     5 ||     5
       Potion            |       |     2 ||     2
 Stab: Sleeping          |     3 |       ||     3
  Eat: Chunk             |     4 |     2 ||     6
